 Dungeon Crawl Stone Soup version 0.26.1-2-gb8aa6d0cf2 (webtiles) character file.

Game seed: 1270461279560447701

71 phalm the Digger (level 4, -10/24 HPs)
             Began as a Gargoyle Earth Elementalist on Mar 4, 2021.
             Killed by divine providence
             ... invoked by an orc priest
              (15 damage)
             ... on level 3 of the Dungeon.
             The game lasted 00:05:08 (2528 turns).

phalm the Digger (Gargoyle Earth Elementalist)      Turns: 2528, Time: 00:05:08

Health: -10/24     AC:  6    Str: 11    XL:     4   Next: 24%
Magic:  3/8        EV: 12    Int: 17    God:
Gold:   129        SH:  0    Dex: 10    Spells: 4/8 levels left

rFire    . . .     SeeInvis .   l - +2 whip (flame)
rCold    . . .     Faith    .   (no shield)
rNeg     + . .     Spirit   .   c - +0 robe
rPois    ∞         Reflect  .   (no helmet)
rElec    +         Harm     .   (no cloak)
rCorr    .         Rampage  .   (no gloves)
Will     .....                  m - +0 pair of boots
Stlth    ++........             e - amulet of the acrobat
HPRegen  0.08/turn              (no ring)
MPRegen  0.11/turn              (no ring)

@: no status effects
A: negative energy resistance 1, electricity resistance, unbreathing,
petrification resistance, miasma immunity, AC +3
a: no special abilities


You were on level 3 of the Dungeon.
You visited 1 branch of the dungeon, and saw 3 of its levels.

You collected 129 gold pieces.

Inventory:

Hand Weapons
 l - a +2 whip of flaming (weapon)
Missiles
 b - 112 stones
Armour
 c - a +0 robe (worn)
 m - a +0 pair of boots (worn)
Jewellery
 e - an amulet of the acrobat (around neck)
Scrolls
 a - a scroll of enchant armour {unknown}
 d - a scroll of identify {unknown}
 g - a scroll of noise {unknown}
 h - a scroll of remove curse {unknown}
 i - a scroll of blinking {unknown}
 j - a scroll of amnesia {unknown}
 k - a scroll of fog {unknown}
Potions
 f - 2 potions of lignification {unknown}


   Skills:
 - Level 1.5 Dodging
 - Level 2.1 Stealth
 + Level 2.8 Spellcasting
 * Level 2.4 Conjurations
 - Level 0.7 Transmutations
 + Level 4.4 Earth Magic


You had 4 spell levels left.
You knew the following spells:

 Your Spells              Type           Power        Failure   Level
a - Sandblast             Erth           34%          3%          1
b - Stone Arrow           Conj/Erth      28%          13%         3

Your spell library contained the following spells:

 Spells                   Type           Power        Failure   Level
 Passwall                 Tmut/Erth      9%           10%         2
 Petrify                  Tmut/Erth      11%          52%         4
 Lee's Rapid Deconstruct  Erth           8%           63%         5


Dungeon Overview and Level Annotations

Branches:
Dungeon (3/15)

Altars:
Sif Muna


Innate Abilities, Weirdness & Mutations

You are resistant to torment.
Your stone body is resilient. (AC +3)
You are immune to poison.
You resist negative energy. (rN+)
You are resistant to electric shocks. (rElec)
You can survive without breathing.
You are immune to petrification.
You are immune to miasma.


Message History

You closely miss the orc priest.
The orc priest is almost dead.
The orc hits you but does no damage.
The orc priest hits you with a +4 short sword.
* * * LOW HITPOINT WARNING * * *
You barely miss the orc priest.
The orc priest is almost dead.
The orc hits you but does no damage. The orc priest closely misses you.
Casting: Sandblast (safe; 3% risk of failure)
Confirm with . or Enter, or press ? or * to list all spells.
Aiming: Sandblast (safe; 3% risk of failure)
Press: ? - help, Shift-Dir - straight line, f/p - orc priest
Aim: an orc priest, wielding a +4 short sword and wearing a +0 leather armour (almost dead, 21% to evade)
The blast of sand hits the orc priest but does no damage.
The orc priest is almost dead.
The orc barely misses you.
The orc priest calls down the wrath of Beogh upon you.
Beogh smites you!
Ouch! That really hurt!
You die...

#.. #.#
###.###.#####.#
#..
......†...>...#
#.# #†# #.#
#.###.#####[#
#.#
#...........#
#.#
#####.#######
#.# ##@# #.#
####!#o# #<#
#..o###.. #.#
#.##?# ##.#
#.#####.# #.# #
#.......# .#
#######(# . #.#
#. #.# ##


You could see an orc priest and an orc.

Vanquished Creatures
  An adder (D:2)
  An ooze (D:1)
  A worm (D:2)
  A dart slug (D:2)
  4 leopard geckos
  An orc (D:3)
  7 bats
  5 giant cockroaches
  5 goblins
  3 hobgoblins (D:1)
  2 jackals (D:3)
  6 kobolds
  2 frilled lizards
  6 rats
45 creatures vanquished.

Vanquished Creatures (others)
  A quokka (D:3)
1 creature vanquished.

Grand Total: 46 creatures vanquished

Notes
Turn   | Place    | Note
-------+----------+-------------------------------------------
     0 | D:1      | phalm the Gargoyle Earth Elementalist began the quest for
                  | the Orb.
     0 | D:1      | Reached XP level 1. HP: 10/10 MP: 3/3
   139 | D:1      | Reached XP level 2. HP: 3/15 MP: 1/5
   142 | D:1      | Reached skill level 1 in Conjurations
   459 | D:1      | Reached skill level 4 in Earth Magic
   717 | D:1      | Reached XP level 3. HP: 16/19 MP: 4/6
   722 | D:1      | Learned a level 3 spell: Stone Arrow
  1677 | D:2      | Reached XP level 4. HP: 10/24 MP: 4/8
  2212 | D:2      | Found a shimmering blue altar of Sif Muna.
  2235 | D:3      | Noticed an ogre
  2528 | D:3      | Killed from afar by an orc priest

Illustrated notes

Levels and vault maps discovered:
D:1:      mushboom_english_gardens, layout_rooms, serial_forest,
          infiniplex_forest_zigzag_1, infiniplex_forest_clump_medium,
          infiniplex_forest_clump_small, infiniplex_forest_clump_small,
          infiniplex_forest_diagonal, infiniplex_forest_lined_corner,
          infiniplex_forest_clump_tiny, solitary_fountain
D:2:      layout_rooms, lemuel_blue_sif_altar
D:3:      layout_loops_ring, kennysheep_slug_shrine, elyvilon_altar_4

Skill      XL: |  1  2  3 |
---------------+----------+-----
Conjurations   | 1 2 |  2.4
Earth Magic    | 4 |  4.4
Dodging        | |  1.5
Stealth        | |  2.1
Spellcasting   | |  2.8
Transmutations | |  0.7

Action                   |  1- 3 |  4- 6 || total
-------------------------+-------+-------++-------
Melee: Unarmed           |     7 |       ||     7
       Club              |    63 |       ||    63
       Whip              |    17 |    20 ||    37
 Cast: Sandblast         |    26 |    12 ||    38
 Stab: Sleeping          |     1 |       ||     1
Armor: Robe              |    33 |    17 ||    50
Dodge: Dodged            |    64 |    28 ||    92
